 Dungeon Crawl Stone Soup version 0.25.0-33-gff14898491 (webtiles) character file.

Game seed: 3478438315637416510

7116 funkygono the Thaumaturge (level 10, -6/73 HPs)
             Began as a Purple Draconian Conjurer on July 7, 2020.
             Was a Believer of Sif Muna.
             Impaled on a porcupine's spines (12 damage)
             ... on level 10 of the Dungeon.
             The game lasted 00:25:49 (11704 turns).

funkygono the Thaumaturge (DrCj)                   Turns: 11704, Time: 00:25:50

Health: -6/73      AC: 14    Str: 11    XL:     10   Next: 85%
Magic:  1/25       EV: 12    Int: 19    God:    Sif Muna [**....]
Gold:   531        SH:  9    Dex: 11    Spells: 18/31 levels left

rFire    . . .     SeeInvis .   r - staff of conjuration
rCold    . . .     Gourm    .   m - +0 kite shield
rNeg     . . .     Faith    .   (armour unavailable)
rPois    .         Spirit   .   (helmet restricted)
rElec    .         Reflect  .   F - +1 cloak
rCorr    .         Harm     .   (no gloves)
MR       +....                  p - +0 pair of boots
Stlth    ++........             (no amulet)
HPRegen  0.22/turn              d - +4 ring of protection
MPRegen  0.19/turn              C - +4 ring of slaying

@: no status effects
A: breathe power, unfitting armour, cold-blooded, AC +7
a: Breathe Dispelling Energy, Channel Magic, Renounce Religion


You were on level 10 of the Dungeon.
You worshipped Sif Muna.
Sif Muna was pleased with you.
You were not hungry.

You visited 2 branches of the dungeon, and saw 11 of its levels.

You collected 531 gold pieces.

Inventory:

Hand Weapons
 g - a +0 whip of flaming
 i - a +7 dagger of venom
Missiles
 c - 389 stones (quivered)
Armour
 m - a +0 kite shield (worn)
 p - a +0 pair of boots (worn)
 F - a +1 cloak (worn)
Magical Staves
 r - an uncursed staff of conjuration (weapon)
Jewellery
 d - a +4 ring of protection (left hand)
 C - a +4 ring of slaying (right hand)
Wands
 v - a wand of enslavement (6)
 w - a wand of disintegration (18)
 z - a wand of clouds (12)
 G - a wand of random effects (15)
Scrolls
 f - a scroll of fear
 h - 4 scrolls of amnesia
 j - 2 scrolls of remove curse
 l - 4 scrolls of teleportation
 u - 4 scrolls of immolation
 y - 3 scrolls of fog
 D - 4 scrolls of identify
 E - a scroll of blinking
 H - a scroll of enchant weapon
Potions
 a - a potion of cancellation {unknown}
 e - 3 potions of heal wounds
 k - 3 potions of mutation
 n - 2 potions of flight {unknown}
 o - 3 potions of lignification {unknown}
 q - 3 potions of curing
 s - 2 potions of haste {unknown}
 t - 4 potions of might {unknown}
 x - a potion of stabbing {unknown}
 A - a potion of resistance {unknown}
Comestibles
 b - 21 rations


   Skills:
 + Level 2.1 Fighting
 + Level 1.6 Short Blades
 + Level 1.8 Staves
 + Level 4.4 Dodging
 + Level 3.8 Stealth
 + Level 5.9 Shields
 + Level 11.1 Spellcasting
 + Level 10.5 Conjurations
 + Level 1.5 Hexes


You had 18 spell levels left.
You knew the following spells:

 Your Spells              Type           Power        Failure   Level  Hunger
a - Magic Dart            Conj           ####         1%          1    None
b - Searing Ray           Conj           ######       1%          2    None
c - Dazzling Flash        Conj/Hex       ######       5%          3    None
d - Fulminant Prism       Conj/Hex       ######....   19%         4    ##.....
e - Mephitic Cloud        Conj/Pois/Air  #####...     16%         3    None

Your spell library contained the following spells:

 Spells                   Type           Power        Failure   Level  Hunger
 Conjure Flame            Conj/Fire      #####...     8%          3    None
 Corona                   Hex            ###....      11%         1    None
 Slow                     Hex            ###.....     17%         2    None
 Beastly Appendage        Tmut           ##....       22%         1    None
 Ensorcelled Hibernation  Hex/Ice        ##....       24%         2    None
 Iskenderun's Mystic Bla  Conj/Tloc      #####...     24%         4    ##.....
 Blink                    Tloc           N/A          32%         2    None
 Call Imp                 Summ           ##......     32%         2    None
 Sticks to Snakes         Tmut           ##......     32%         2    None
 Confusing Touch          Hex            ###.....     32%         3    None
 Tukima's Dance           Hex            ###.....     32%         3    None
 Spider Form              Tmut/Pois      ##........   54%         3    None
 Ice Form                 Ice/Tmut       ##......     91%         4    ##.....
 Blade Hands              Tmut           ##........   99%         5    ####...


Dungeon Overview and Level Annotations

Branches:
Dungeon (10/15)            Temple (1/1) D:5            Lair (0/6) D:10
    Orc: D:9-12

Altars:
Ashenzari
Cheibriados
Dithmenos
Elyvilon
Fedhas
Gozag
Hepliaklqana
Kikubaaqudgha
Makhleb
Nemelex Xobeh
Okawaru
Qazlal
Ru
Sif Muna
Trog
Uskayaw
Vehumet
Wu Jian
Xom
Yredelemnul
Zin
The Shining One


Innate Abilities, Weirdness & Mutations

You can breathe bolts of dispelling energy.
Your rich purple scales are hard. (AC +7)
You cannot fit into any form of body armour.
You are cold-blooded and may be slowed by cold attacks.


Message History

The black bear claws you but does no damage.
The black bear misses you. You block the black bear's attack. x2
You hit the black bear.
You kill the black bear!
Sif Muna accepts your kill.
You are struck by the porcupine's spines.
You barely miss the porcupine.
The porcupine is almost dead.
You block the porcupine's attack. The porcupine bites you!
You are struck by the porcupine's spines.
You hit the porcupine.
You kill the porcupine!
Sif Muna accepts your kill.
You are struck by the porcupine's spines.
* * * LOW HITPOINT WARNING * * *
You closely miss the porcupine. The porcupine bites you!
* * * LOW HITPOINT WARNING * * *
The porcupine bites you but does no damage.
You are struck by the porcupine's spines.
You die...

.#####..##..
.........#..
....##.#.. ##..#.)##
.. ## #...[....
...###. #.<......
#......## #.....^..
#.....# ####(.......
. #@# #.......#.##
... #r# ###.#######.#
.....#.###....# #..
....)..(..P.P..###
##.
......###†.r.P.PP# #
......#...PP...P.##
........P.PP.P..P.#
#####%P..PPP..P%((#.#
#P..PPP.PP.P)...#


You could see a porcupine.

Vanquished Creatures
  Harold (D:10)
  Pikel (D:4)
  Joseph (D:8)
  Maurice (D:8)
  A wyvern (D:10)
  3 hungry ghosts
  Edmund (D:6)
  Menkaure (D:4)
  2 orc warriors
  4 porcupines (D:10)
  3 slaves (D:4)
  3 sky beasts
  2 black bears (D:10)
  2 phantoms
  2 necrophages (D:8)
  7 ogres
  3 centaurs
  A big kobold (D:7)
  6 bullfrogs
  Blork the orc (D:4)
  4 scorpions
  2 howler monkeys
  3 crimson imps
  A bullfrog zombie (D:8)
  A quasit (D:10)
  4 jellies
  2 orc priests
  2 bullfrog skeletons
  7 hounds
  4 orc wizards
  4 iguanas
  Natasha (thrice) (D:3)
  2 worker ants
  3 hound zombies
  2 hound skeletons
  A worker ant zombie (D:7)
  Robin (D:4)
  12 adders
  10 gnolls
  3 shadow imps
  An ooze (D:1)
  2 adder zombies (D:6)
  2 worms
  2 dart slugs
  4 leopard geckos
  38 orcs
  4 bats
  A giant cockroach (D:1)
  14 goblins
  11 hobgoblins
  4 quokkas
  2 frilled lizards
  9 kobolds
  A quokka skeleton (D:8)
  11 rats
223 creatures vanquished.

Vanquished Creatures (others)
  Erica (D:8)
  2 orc wizards
  A worker ant (D:4)
  A leopard gecko (D:4)
  An orc (D:4)
  A frilled lizard (D:4)
  A fulminant prism (D:9)
  3 fungi (D:10)
11 creatures vanquished.

Grand Total: 234 creatures vanquished

Notes
Turn   | Place    | Note
-------+----------+-------------------------------------------
     0 | D:1      | funkygono the Draconian Conjurer began the quest for the
                  | Orb.
     0 | D:1      | Reached XP level 1. HP: 14/14 MP: 3/3
   232 | D:1      | Reached XP level 2. HP: 20/20 MP: 1/5
   236 | D:1      | Learned a level 2 spell: Searing Ray
   816 | D:2      | Reached XP level 3. HP: 26/26 MP: 0/6
  1053 | D:2      | Found a glowing silver altar of Zin.
  1273 | D:2      | Reached XP level 4. HP: 30/33 MP: 2/8
  1433 | D:2      | Found a shadowy altar of Dithmenos.
  1433 | D:2      | Found a bloodstained altar of Trog.
  1437 | D:2      | Reached skill level 5 in Conjurations
  1742 | D:3      | Found a white marble altar of Elyvilon.
  1935 | D:3      | Reached skill level 3 in Spellcasting
  1950 | D:3      | Reached XP level 5. HP: 32/38 MP: 0/9
  2166 | D:3      | Noticed Natasha
  2171 | D:3      | Killed Natasha
  2233 | D:3      | Found a basalt altar of Yredelemnul.
  2306 | D:3      | Noticed Natasha
  2312 | D:3      | Killed Natasha
  2629 | D:3      | Found a glowing golden altar of the Shining One.
  2629 | D:3      | Found an opulent altar of Gozag.
  2714 | D:3      | Noticed Natasha
  2719 | D:3      | Killed Natasha
  2719 | D:3      | Reached skill level 1 in Short Blades
  2840 | D:4      | Noticed a slave
  2854 | D:4      | Killed a slave
  2910 | D:4      | Noticed a slave
  2911 | D:4      | Noticed a slave
  2927 | D:4      | Killed a slave
  2932 | D:4      | Killed a slave
  3044 | D:4      | Noticed Pikel
  3052 | D:4      | Noticed a slave
  3054 | D:4      | Killed Pikel
  3054 | D:4      | Reached skill level 4 in Spellcasting
  3054 | D:4      | Reached XP level 6. HP: 35/46 MP: 3/12
  3054 | D:4      | Your scales start taking on a rich purple colour.
  3054 | D:4      | Reached skill level 5 in Spellcasting
  3054 | D:4      | Reached XP level 7. HP: 39/51 MP: 3/15
  3246 | D:4      | Learned a level 3 spell: Dazzling Flash
  3251 | D:4      | Learned a level 4 spell: Fulminant Prism
  3252 | D:4      | Noticed Blork the orc
  3262 | D:4      | Killed Blork the orc
  3410 | D:4      | Noticed Menkaure
  3415 | D:4      | Killed Menkaure
  3415 | D:4      | Reached skill level 1 in Fighting
  3415 | D:4      | Reached skill level 6 in Spellcasting
  3688 | D:4      | Noticed Robin
  3692 | D:4      | Killed Robin
  4007 | D:5      | Entered Level 5 of the Dungeon
  4094 | D:5      | Reached XP level 8. HP: 59/59 MP: 9/17
  5352 | D:5      | Reached skill level 7 in Spellcasting
  5403 | D:5      | Found a staircase to the Ecumenical Temple.
  5410 | Temple   | Entered the Ecumenical Temple
  5454 | Temple   | Became a worshipper of Sif Muna the Loreminder
  5856 | D:5      | Reached skill level 1 in Staves
  6326 | D:6      | Reached XP level 9. HP: 64/64 MP: 16/20
  6588 | D:6      | Reached skill level 8 in Spellcasting
  6771 | D:6      | Found a sacrificial altar of Ru.
  7066 | D:6      | Noticed Edmund
  7078 | D:6      | Killed Edmund
  7630 | D:7      | Found a radiant altar of Vehumet.
  7640 | D:7      | Reached * piety under Sif Muna
  8428 | D:8      | Reached skill level 9 in Spellcasting
  8521 | D:8      | Noticed Joseph
  8536 | D:8      | Killed Joseph
  9046 | D:8      | Noticed Erica
  9057 | D:8      | Killed Erica
  9057 | D:8      | Reached XP level 10. HP: 11/73 MP: 9/23
  9937 | D:8      | Reached ** piety under Sif Muna
 10013 | D:8      | Reached skill level 10 in Spellcasting
 10139 | D:8      | Noticed Maurice
 10149 | D:8      | Killed Maurice
 10378 | D:8      | Learned a level 3 spell: Mephitic Cloud
 10597 | D:9      | Reached skill level 10 in Conjurations
 11076 | D:10     | Entered Level 10 of the Dungeon
 11090 | D:10     | Noticed Harold
 11430 | D:10     | Killed Harold
 11430 | D:10     | Reached skill level 5 in Shields
 11430 | D:10     | Reached skill level 1 in Hexes
 11657 | D:10     | Found a staircase to the Lair.
 11665 | D:10     | Reached skill level 11 in Spellcasting
 11704 | D:10     | Impaled on a porcupine's spines

Illustrated notes

Levels and vault maps discovered:
D:1:      elethiomel_arrival_quiet, layout_rooms
D:2:      layout_rooms, lemuel_doored_altar,
          chequers_temple_overflow_statue_of_worship
D:3:      layout_basic, old_standard_altar, nicolae_overflow_hidden_temple,
          first_ration, grunt_ministairs_14, minmay_misc_feat_tiny, uniq_natasha
D:4:      layout_loops_cross, uniq_blork_the_orc, uniq_pikel, uniq_robin,
          uniq_menkaure
D:5:      layout_gridville, temple_green, chequers_hall_statues_y,
          minmay_diced_spiral
D:6:      layout_gridville, nicolae_ru_sacrificial_ziggurat, uniq_edmund
D:7:      layout_basic, old_standard_altar
D:8:      layout_gridville, grunt_ogre_cave, uniq_joseph, uniq_erica,
          uniq_maurice
D:9:      layout_roguey
D:10:     layout_rooms, due_lair_maze_entry_diamond,
          chequers_serial_rivers_large_a, uniq_harold, uniq_erolcha
Temple:   nicolae_temple_god_jail

Skill      XL: |  1  2  3  4  5  6  7  8  9 10 |
---------------+-------------------------------+-----
Dodging        | 2 3 4 |  4.4
Conjurations   | 5 6 7 8 9 10 | 10.5
Spellcasting   | 3 4 5 6 7 9 11 | 11.1
Stealth        | 2 3 |  3.8
Short Blades   | 1 |  1.6
Shields        | 2 3 4 5 |  5.9
Fighting       | 1 2 |  2.1
Staves         | 1 |  1.8
Hexes          | 1 |  1.5

Action                   |  1- 3 |  4- 6 |  7- 9 | 10-12 || total
-------------------------+-------+-------+-------+-------++-------
Melee: Unarmed           |     1 |       |       |       ||     1
       Dagger            |     8 |    25 |     9 |       ||    42
       Club              |     1 |       |       |       ||     1
       Tailslap          |       |     2 |     9 |     7 ||    18
       Staff             |       |       |    63 |    49 ||   112
 Cast: Magic Dart        |    62 |    70 |   269 |    76 ||   477
       Searing Ray       |     1 |     8 |    41 |    27 ||    77
       Dazzling Flash    |       |       |     1 |    15 ||    16
       Fulminant Prism   |       |       |       |     1 ||     1
  Use: Scroll            |     3 |     6 |     6 |     3 ||    18
       Potion            |       |       |     1 |       ||     1
 Stab: Invisible         |       |       |     2 |     2 ||     4
  Eat: Chunk             |     1 |     6 |    16 |     5 ||    28
       Ration            |       |       |     1 |     1 ||     2
Armor: Skin              |     9 |    10 |    37 |    45 ||   101
Dodge: Dodged            |     4 |    22 |    67 |    70 ||   163
Block: Kite shield       |       |       |    27 |    63 ||    90
